Map: Prion Terraces

Players

Ryu

  • Race: Terran Terran
  • League: Master

Wronglllllll - Winner!

  • Race: Zerg Zerg
  • League: Diamond

VOD

Have the link to the VOD?

Description

Time

  • Played on: Jan. 7, 2016, 2:43 a.m.
  • Length: 4:12
Show
View Real Time Build Order
Export as new Build Order

Ryu Terran 

Build Orders:  

Get SALT Encoding   

  12  0:01  SCV  
  13  0:13  SCV  
  14  0:17  Supply Depot  
  14  0:25  SCV  
  15  0:39  SCV  
  15  0:40  Barracks  
  16  0:47  Refinery  
  16  0:51  SCV  
  17  1:02  Barracks  
  17  1:03  SCV  
  18  1:15  SCV  
  19  1:27  Orbital Command  
  19  1:32  Reaper, Barracks  
  20  1:45  Refinery  
  20  1:46  Supply Depot  
  20  1:50  Reaper  
  20  1:54  SCV  
  22  2:06  SCV  
  23  2:09  Reaper  
  24  2:18  SCV  
  24  2:19  Reaper  
  26  2:24  Supply Depot  
  26  2:30  SCV  
  27  2:42  SCV  
  28  2:44  Reaper  
  28  2:45  Reaper  
  30  2:52  Supply Depot  
  30  2:54  SCV  
  30  3:07  Reaper  
  30  3:09  SCV  
  32  3:25  Reaper  
  32  3:26  SCV, Reaper  
  35  3:37  Command Center  
  35  3:39  Reaper  
  36  3:54  SCV  
  36  3:58  Barracks  
  36  3:59  Barracks  
Show
View Real Time Build Order
Export as new Build Order

Wronglllllll Zerg - Winner!

Build Orders: Pool First 

Get SALT Encoding   

  12  0:01  Drone  
  13  0:10  Drone  
  14  0:17  Drone, Extractor  
  14  0:34  Spawning Pool  
  14  0:35  Drone  
  14  0:44  Overlord  
  14  0:52  Drone, Extractor  
  15  1:03  Drone x2  
  17  1:09  Drone  
  18  1:23  Metabolic Boost  
  18  1:25  Queen  
  18  1:28  Drone  
  21  1:52  Hatchery  
  21  1:53  Drone  
  21  1:58  Overlord  
  21  2:04  Zergling x2  
  22  2:16  Queen  
  22  2:17  Zergling x2  
  22  2:18  Zergling x2  
  26  2:30  Overlord  
  26  2:38  Zergling x6  
  29  2:50  Zergling x2  
  29  3:04  Zergling x4  
  31  3:13  Zergling x8  
  34  3:27  Zergling x2  
  34  3:28  Zergling x4  
  37  3:34  Zergling x2  
  37  3:47  Zergling x2  
  37  3:48  Zergling x4  
Tags
 
Add a new tag
Caveats
  • Supply blocks, unpowered buildings, or Contaminate may cause inaccurate times.
  • Supply counts are checked every 10 seconds.